 Dungeon Crawl Stone Soup version 0.28-a0-724-g66f9036eb4 (webtiles) character file.

Game seed: 17233262426210295230

60 Bodrick the Cudgeller (level 4, -2/41 HPs)
             Began as a Gnoll Cinder Acolyte on Oct 26, 2021.
             Was a High Priest of Ignis.
             Slain by a quokka (3 damage)
             ... on level 2 of the Dungeon.
             The game lasted 00:05:03 (1770 turns).

Bodrick the Cudgeller (Gnoll Cinder Acolyte)        Turns: 1770, Time: 00:05:03

Health: -2/41      AC:  2    Str: 13    XL:     4   Next: 6%
Magic:  8/8        EV: 11    Int: 14    God:    Ignis [*****.]
Gold:   50         SH:  0    Dex:  8    Spells: 8/8 levels left

rFire   + . .      SeeInvis .   f - +1 hand axe (flame)
rCold   . . .      Faith    .   (no shield)
rNeg    . . .      Spirit   .   b - +0 robe
rPois   .          Reflect  .   (no helmet)
rElec   .          Harm     .   (no cloak)
rCorr   .          Rampage  .   (no gloves)
Will    .....                   (no boots)
Stlth   +.........              (no amulet)
HPRegen 0.13/turn               (no ring)
MPRegen 0.11/turn               (no ring)

@: no status effects
A: fangs 1, strong nose, distributed training
a: Renounce Religion, Sea of Fire, Foxfire Swarm, Rising Flame


You were on level 2 of the Dungeon.
You worshipped Ignis.
Ignis was extremely pleased with you.
You visited 1 branch of the dungeon, and saw 2 of its levels.

You collected 50 gold pieces.

Inventory:

Hand Weapons
 a - a -1 mace of flaming
 f - a +1 hand axe of flaming (weapon)
Armour
 b - a +0 robe (worn)
 c - a +0 chain mail
Scrolls
 d - 3 scrolls of identify {unknown}
Potions
 e - a potion of flight {unknown}
 g - a potion of might {unknown}


   Skills:
 + Level 6.5 Fighting
 + Level 1.0 Short Blades
 + Level 1.0 Long Blades
 + Level 1.0 Axes
 + Level 6.5 Maces & Flails
 + Level 1.0 Polearms
 + Level 1.0 Staves
 + Level 1.0 Slings
 + Level 1.0 Bows
 + Level 1.0 Crossbows
 + Level 1.0 Throwing
 + Level 1.0 Armour
 + Level 1.0 Dodging
 + Level 1.0 Stealth
 + Level 1.0 Shields
 + Level 1.0 Unarmed Combat
 + Level 2.9 Spellcasting
 + Level 0.7 Conjurations
 + Level 0.7 Hexes
 + Level 0.7 Summonings
 + Level 0.7 Necromancy
 + Level 0.7 Translocations
 + Level 0.7 Transmutations
 + Level 5.4 Fire Magic
 + Level 0.7 Ice Magic
 + Level 0.7 Air Magic
 + Level 0.7 Earth Magic
 + Level 0.7 Poison Magic
 + Level 1.1 Invocations
 + Level 1.0 Evocations


You had 8 spell levels left.
You didn't know any spells.
Your spell library contained the following spells:

 Spells                   Type           Power      Damage    Failure   Level
 Scorch                   Fire           34%        2d6       3%          2
 Stone Arrow              Conj/Erth      8%         3d7       43%         3
 Animate Armour           Summ/Erth      8%         N/A       85%         4
 Lehudib's Crystal Spear  Conj/Erth      2%         10d2      100%        8


Dungeon Overview and Level Annotations

Branches:
Dungeon (2/15)

Altars:


Innate Abilities, Weirdness & Mutations

You have very sharp teeth.
Your uncanny sense of smell can sniff out nearby items.
Your experience applies equally to all skills.


Message History

A quokka and a hobgoblin come into view.
The hobgoblin shouts!
The quokka moves out of view.
You hit the quokka but do no damage. Your bite misses the quokka.
The quokka closely misses you.
You hit the quokka. You burn the quokka.
The quokka is severely wounded.
The quokka bites you.
* * * LOW HITPOINT WARNING * * *
The quokka bites you but does no damage.
You closely miss the quokka.
The quokka is severely wounded.
The quokka barely misses you. The hobgoblin barely misses you.
You hit the hobgoblin. You burn the hobgoblin.
You bite the hobgoblin, but do no damage.
The hobgoblin is severely wounded.
You closely miss the quokka. The quokka bites you.
* * * LOW HITPOINT WARNING * * *
The hobgoblin hits you.
* * * LOW HITPOINT WARNING * * *
The quokka bites you.
* * * LOW HITPOINT WARNING * * *
Things that are here:
2 stones; a +0 short sword You barely miss the hobgoblin.
The hobgoblin is severely wounded.
The hobgoblin hits you.
* * * LOW HITPOINT WARNING * * *
Unknown command.
There is a stone staircase leading up here.
You barely miss the quokka.
The quokka is heavily wounded.
The quokka bites you.
* * * LOW HITPOINT WARNING * * *
The quokka bites you.
* * * LOW HITPOINT WARNING * * *
The hobgoblin barely misses you.
There is an open door here.
The quokka bites you.
You die...

###....#
#....#...#
##...###.(.##...#
#....#....#..>.#
##.(...(.##...<#
#.<.♣)<.##.####
##.......##.##
#....#....#..#
#...###...##.##
#....# #....#@.#
+.♣.## ##.♣.r..#
#...# #...#..#
##.## ##+##.## ..
..# ### ###


You could see a quokka.

Vanquished Creatures
  A gnoll (D:1)
  An adder (D:2)
  A worm (D:2)
  2 dart slugs (D:1)
  2 ball pythons (D:1)
  3 bats (D:1)
  3 endoplasms
  2 giant cockroaches
  4 hobgoblins
  A quokka (D:2)
  4 frilled lizards
  5 goblins
  2 kobolds (D:2)
  4 rats (D:1)
35 creatures vanquished.

Notes
Turn   | Place    | Note
-------+----------+-------------------------------------------
     0 | D:1      | Bodrick the Gnoll Cinder Acolyte began the quest for the
                  | Orb.
     0 | D:1      | Reached XP level 1. HP: 23/23 MP: 4/4
   210 | D:1      | Reached XP level 2. HP: 16/29 MP: 5/5
   806 | D:1      | Reached XP level 3. HP: 32/35 MP: 7/7
  1141 | D:1      | Reached skill level 1 in Invocations
  1482 | D:2      | Found a faded altar of an unknown god.
  1665 | D:2      | Reached skill level 1 in Short Blades
  1665 | D:2      | Reached skill level 1 in Long Blades
  1665 | D:2      | Reached skill level 1 in Axes
  1665 | D:2      | Reached skill level 1 in Polearms
  1665 | D:2      | Reached skill level 1 in Staves
  1665 | D:2      | Reached skill level 1 in Slings
  1665 | D:2      | Reached skill level 1 in Bows
  1665 | D:2      | Reached skill level 1 in Crossbows
  1665 | D:2      | Reached skill level 1 in Throwing
  1665 | D:2      | Reached skill level 1 in Armour
  1665 | D:2      | Reached skill level 1 in Dodging
  1665 | D:2      | Reached skill level 1 in Stealth
  1665 | D:2      | Reached skill level 1 in Shields
  1665 | D:2      | Reached skill level 1 in Unarmed Combat
  1665 | D:2      | Reached skill level 1 in Evocations
  1690 | D:2      | Reached XP level 4. HP: 12/41 MP: 8/8
  1768 | D:2      | HP: 2/41 [quokka (2)]
  1770 | D:2      | Slain by a quokka

Illustrated notes

Levels and vault maps discovered:
D:1:      dpeg_cavernosity, layout_basic, minmay_hexomino_p4
D:2:      layout_rooms, serial_glass, glass_columns_a, glass_columns_b,
          glass_columns_a, glass_columns_a, glass_columns_b, glass_columns_a,
          basic_ecumenical_altar, roderic_st_hans_cross, kennysheep_flooded_box,
          grunt_ministairs_13

Skill      XL: |  1  2  3 |
---------------+----------+-----
Invocations    | 1 |  1.1
Short Blades   | 1 |  1.0
Long Blades    | 1 |  1.0
Axes           | 1 |  1.0
Polearms       | 1 |  1.0
Staves         | 1 |  1.0
Slings         | 1 |  1.0
Bows           | 1 |  1.0
Crossbows      | 1 |  1.0
Throwing       | 1 |  1.0
Armour         | 1 |  1.0
Dodging        | 1 |  1.0
Stealth        | 1 |  1.0
Shields        | 1 |  1.0
Unarmed Combat | 1 |  1.0
Evocations     | 1 |  1.0
Fighting       | |  6.5
Maces & Flails | |  6.5
Spellcasting   | |  2.9
Conjurations   | |  0.7
Hexes          | |  0.7
Summonings     | |  0.7
Necromancy     | |  0.7
Translocations | |  0.7
Transmutations | |  0.7
Fire Magic     | |  5.4
Ice Magic      | |  0.7
Air Magic      | |  0.7
Earth Magic    | |  0.7
Poison Magic   | |  0.7

Action                   |  1- 3 |  4- 6 || total
-------------------------+-------+-------++-------
Melee: Mace              |    37 |       ||    37
       Bite              |     4 |     1 ||     5
       Hand axe          |    46 |     6 ||    52
 Stab: Sleeping          |     3 |       ||     3
Armor: Robe              |    11 |     1 ||    12
Dodge: Dodged            |    36 |     4 ||    40

Table legend: (Time is in decaauts)
 A = Elapsed time spent in this place.
 B = Non-inter-level travel time spent in this place.
 C = Inter-level travel time spent in this place.
 D = Time resting spent in this place.
 E = Time spent auto-exploring this place.
 F = Levels seen in this place.
 G = Mean time per level.
                   A        B        C        D        E       F      G
               +--------+--------+--------+--------+--------+-----+--------+
         Total |   1785 |   1696 |     89 |    575 |    814 |   2 |  892.5 |
       Dungeon |   1785 |   1696 |     89 |    575 |    814 |   2 |  892.5 |
               +--------+--------+--------+--------+--------+-----+--------+

Top non-repeatable levels by time:
     D:1: 1430 daAuts
     D:2: 355 daAuts
